 Dungeon Crawl Stone Soup version 0.29-a0-284-gf9362112df (webtiles) character file.

Game seed: 9498377461012217643

86 sanka the Ducker (level 4, -5/41 HPs)
             Began as a Gnoll Monk on Mar 14, 2022.
             Slain by a water moccasin (8 damage)
             ... on level 3 of the Dungeon.
             The game lasted 00:03:07 (2760 turns).

sanka the Ducker (Gnoll Monk)                       Turns: 2760, Time: 00:03:08

Health: -5/41      AC:  5    Str: 17    XL:     4   Next: 49%
Magic:  14/14      EV: 15    Int:  9    God:
Gold:   124        SH:  0    Dex: 15    Spells: 5/5 levels left

rFire   . . .      SeeInvis .   u - +0 war axe
rCold   . . .      Faith    .   (no shield)
rNeg    . . .      Spirit   .   b - +0 robe
rPois   .          Reflect  .   a - +2 helmet "Syechuang" {*Corrode Str+5}
rElec   .          Harm     .   (no cloak)
rCorr   .          Rampage  .   (no gloves)
Will    .....                   (no boots)
Stlth   +++.......              (no amulet)
HPRegen 0.13/turn               (no ring)
MPRegen 0.14/turn               h - ring of magical power

@: lethally poisoned (-5 -> -13)
A: fangs 1, strong nose, distributed training
a: no special abilities


You were on level 3 of the Dungeon.
You visited 1 branch of the dungeon, and saw 3 of its levels.

You collected 124 gold pieces.


Innate Abilities, Weirdness & Mutations

You have very sharp teeth.
Your uncanny sense of smell can sniff out nearby items.
Your experience applies equally to all skills.


   Skills:
 + Level 6.6 Fighting
 + Level 1.1 Short Blades
 + Level 1.1 Long Blades
 + Level 6.6 Axes
 + Level 1.1 Maces & Flails
 + Level 1.1 Polearms
 + Level 1.1 Staves
 + Level 1.1 Slings
 + Level 1.1 Bows
 + Level 1.1 Crossbows
 + Level 1.1 Throwing
 + Level 1.1 Armour
 + Level 6.6 Dodging
 + Level 4.2 Stealth
 + Level 1.1 Shields
 + Level 1.1 Unarmed Combat
 + Level 1.1 Spellcasting
 + Level 0.9 Conjurations
 + Level 0.9 Hexes
 + Level 0.9 Summonings
 + Level 0.9 Necromancy
 + Level 0.9 Translocations
 + Level 0.9 Transmutations
 + Level 0.9 Fire Magic
 + Level 0.9 Ice Magic
 + Level 0.9 Air Magic
 + Level 0.9 Earth Magic
 + Level 0.9 Poison Magic
 + Level 1.2 Invocations
 + Level 1.1 Evocations


You had 5 spell levels left.
You didn't know any spells.
Your spell library contained the following spells:

 Spells                   Type           Power      Damage    Failure   Level
 Magic Dart               Conj           8%         1d3       26%         1
 Searing Ray              Conj           4%         2d4       36%         2
 Fulminant Prism          Conj/Hex       1%         3d6       94%         4

Inventory:

Hand Weapons
 r - a +0 flail
 u - a +0 war axe (weapon)
Armour
 a - the +2 helmet "Syechuang" (worn) {*Corrode Str+5}

   Str:       It affects your strength (+5).
   *Corrode:  It may corrode you when you take damage.
 b - a +0 robe (worn)
 m - a +0 kite shield
 o - a +0 helmet
Jewellery
 h - a ring of magical power (right hand)
Wands
 p - a wand of mindburst (3)
 s - a wand of paralysis (5)
Scrolls
 e - 2 scrolls of holy word {unknown}
 g - 4 scrolls of immolation {unknown}
 i - a scroll of amnesia {unknown}
 j - a scroll of fear {unknown}
 l - 2 scrolls of identify {unknown}
Potions
 c - a potion of ambrosia
 d - a potion of mutation {unknown}
 f - a potion of flight {unknown}
 k - 4 potions of might {unknown}
 n - a potion of lignification {unknown}
 q - 3 potions of brilliance {unknown}
 t - a potion of invisibility {unknown}

Dungeon Overview and Level Annotations

Branches:
Dungeon (3/15)

Altars:
Uskayaw

▒ .▒ ▒▒. ▒.▒ . ..▒ ▒...
▒▒▒▒.▒?. .▒.▒ ▒...▒▒▒▒......
▒... .........▒▒.▒▒▒..▒
.................▒
......†..▒▒..<...▒
......Sg.........▒
......†..▒▒..▒▒..▒
.........▒▒..▒▒..▒ ∆
........▒▒..†.▒..▒▒▒ .
..▒...........▒.......▒ .
▒...▒▒▒.▒▒▒......▒.▒▒.▒▒▒▒.
.....▒........▒▒▒...▒.......
.▒.............▒▒..▒.....(.
...........................


You could see a water moccasin.


Message History

You barely miss the water moccasin. Your bite misses the water moccasin.
The water moccasin is heavily wounded.
You feel sick. The water moccasin bites you!
* * * LOW HITPOINT WARNING * * *
You are lethally poisoned!
The water moccasin poisons you!
You barely miss the water moccasin.
The water moccasin is heavily wounded.
* * * LOW HITPOINT WARNING * * *
You feel very sick.
The water moccasin bites you but does no damage.
The water moccasin bites you but does no damage.
Unknown command.
You closely miss the water moccasin.
You punch the water moccasin, but do no damage.
The water moccasin is heavily wounded.
* * * LOW HITPOINT WARNING * * *
You feel very sick. The water moccasin closely misses you.
The water moccasin barely misses you.
Unknown command.
You closely miss the water moccasin.
You bite the water moccasin, but do no damage.
The water moccasin is heavily wounded.
* * * LOW HITPOINT WARNING * * *
You feel very sick. The water moccasin bites you!
You die...

Action                   |  1- 3 |  4- 6 || total
-------------------------+-------+-------++-------
Melee: Hand axe          |   114 |     7 ||   121
       Bite              |     8 |     3 ||    11
       Punch             |     2 |     2 ||     4
       War axe           |       |    15 ||    15
Evoke: Wand              |     1 |       ||     1
 Stab: Sleeping          |     7 |     3 ||    10
Armor: Robe              |    20 |     7 ||    27
Dodge: Dodged            |    80 |     8 ||    88

Levels and vault maps discovered:
D:1:      matt_arrival_debris, layout_loops_ring, minivault_14, minmay_vboxes
D:2:      layout_basic, basic_altar, kennysheep_pointless_box,
          roderic_cross_of_infinity, grunt_ministairs_15, uniq_terence
D:3:      layout_rooms, lemuel_crystal_altar, mainiacjoe_overflow_catwalk,
          mainiacjoe_overflow_concentric_impassable, evilmike_ruin_ashenzari

Notes
Turn   | Place    | Note
-------+----------+-------------------------------------------
     0 | D:1      | sanka the Gnoll Monk began the quest for the Orb.
     0 | D:1      | Reached XP level 1. HP: 23/23 MP: 1/1
   272 | D:1      | Reached XP level 2. HP: 29/29 MP: 2/2
   838 | D:1      | Reached XP level 3. HP: 27/35 MP: 3/3
  1242 | D:2      | Noticed Terence
  1578 | D:1      | Reached skill level 1 in Invocations
  1879 | D:2      | Reached skill level 1 in Short Blades
  1879 | D:2      | Reached skill level 1 in Long Blades
  1879 | D:2      | Reached skill level 1 in Maces & Flails
  1879 | D:2      | Reached skill level 1 in Polearms
  1879 | D:2      | Reached skill level 1 in Staves
  1879 | D:2      | Reached skill level 1 in Slings
  1879 | D:2      | Reached skill level 1 in Bows
  1879 | D:2      | Reached skill level 1 in Crossbows
  1879 | D:2      | Reached skill level 1 in Throwing
  1879 | D:2      | Reached skill level 1 in Armour
  1879 | D:2      | Reached skill level 1 in Shields
  1879 | D:2      | Reached skill level 1 in Unarmed Combat
  1879 | D:2      | Reached skill level 1 in Spellcasting
  1879 | D:2      | Reached skill level 1 in Evocations
  1911 | D:2      | Found a hide-covered altar of Uskayaw.
  2055 | D:2      | Killed Terence
  2056 | D:2      | Reached XP level 4. HP: 26/41 MP: 5/5
  2669 | D:3      | Noticed a water moccasin
  2674 | D:3      | Identified the +2 helmet "Syechuang" {*Corrode Str+5}
  2760 | D:3      | HP: 3/41 [poisoned by a water moccasin]
  2760 | D:3      | Slain by a water moccasin

Vanquished Creatures
  Terence (D:2)
  An adder (D:1)
  2 worms
  2 dart slugs (D:1)
  6 ball pythons
  4 endoplasms
  4 giant cockroaches
  5 goblins
  2 hobgoblins
  6 kobolds
  7 bats
  A frilled lizard (D:2)
  3 rats
44 creatures vanquished.
